 Dungeon Crawl Stone Soup version 0.17.0-26-gececa24 (webtiles) character file.

16 4thArraOfDagon the Scratcher (level 2, 0/12 HPs)
             Began as a Felid Transmuter on Nov 19, 2015.
             Slain by a goblin
             ... wielding a +0 club
             ... led by Robin
              (3 damage)
             ... on level 4 of the Dungeon.
             The game lasted 00:03:31 (460 turns).

4thArraOfDagon the Scratcher (Felid Transmuter)      Turns: 460, Time: 00:03:31

Health: 0/12       AC:  1    Str:  6    XL:     2   Next: 37%
Magic:  5/6        EV: 18    Int: 14    God:
Gold:   91         SH:  0    Dex: 16    Spells: 1 memorised, 4 levels left
                                        Lives:  0   Deaths: 0

rFire  . . .     SeeInvis +       - Unarmed
rCold  . . .     Clarity  .     (armour unavailable)
rNeg   . . .     SustAt   .     (shield unavailable)
rPois  .         Gourm    .     (helmet unavailable)
rElec  .         Spirit   .     (cloak unavailable)
rCorr  .         Warding  .     (gloves unavailable)
rMut   .         Stasis   .     (boots unavailable)
MR     .....                    (no amulet)
Stlth  +++.......               (no ring)
                                d - ring of stealth

@: very slightly contaminated, quick, not resistant to hostile enchantments,
fairly stealthy
A: no armour, no weapons or thrown items, claws 1, fangs 3, see invisible,
carnivore 3, speed 1, shaggy fur 1, slow metabolism 1, sharp paws
a: no special abilities


You were on level 4 of the Dungeon.
You were full.

You visited 1 branch of the dungeon, and saw 4 of its levels.

You collected 91 gold pieces.

Inventory:

Missiles
 a - 12 arrows
Jewellery
 d - a ring of stealth (left paw)
Scrolls
 e - 4 scrolls of remove curse {unknown}
 g - a scroll of enchant weapon {unknown}
 k - a scroll of amnesia {unknown}
Potions
 f - a potion of cancellation {unknown}
 h - a potion of curing {unknown}
 i - a potion of resistance
 j - a potion of poison {unknown}
Books
 b - a book of Changes

   Spells                             Type                      Level
   a - Beastly Appendage              Transmutation                1
   b - Sticks to Snakes               Transmutation                2
   c - Spider Form                    Transmutation/Poison         3
   d - Ice Form                       Ice/Transmutation            4
   e - Blade Hands                    Transmutation                5
Comestibles
 c - 2 meat rations


   Skills:
 + Level 1.3 Fighting
 + Level 2.9 Dodging
 * Level 3.3 Unarmed Combat
 + Level 2.2 Spellcasting
 + Level 2.2 Transmutations


You had 4 spell levels left.
You knew the following spells:

 Your Spells              Type           Power        Failure   Level  Hunger
a - Beastly Appendage     Trmt           #.....       12%         1    #......


Dungeon Overview and Level Annotations

Branches:
Dungeon (4/15)
 Temple: D:4-7

Altars:
Elyvilon
Qazlal

Shops:
D:4 (

Annotations:
D:2 Natasha


Innate Abilities, Weirdness & Mutations

You cannot wear armour.
You are incapable of wielding weapons or throwing items.
You have sharp claws.
You have razor-sharp teeth.
You have supernaturally acute eyesight.
You are carnivorous and can eat meat at any time.
You cover ground quickly.
You are covered in fur (AC +1).
You have a slow metabolism.
Your sharp claws are effective at attacking unaware monsters.


Message History

You completely miss the goblin.
The goblin is heavily wounded.
The goblin completely misses you.
You closely miss the goblin.
The goblin is heavily wounded.
The goblin hits you with a club.
* * * LOW HITPOINT WARNING * * *
You closely miss the goblin.
The goblin is heavily wounded.
The goblin hits you but does no damage.
You barely miss the goblin.
The goblin is heavily wounded.
Drink which item? (? for menu, Esc to quit)
Okay, then.
A worker ant comes into view.
Unknown command.
The goblin barely misses you.
Unknown command.
The goblin hits you with a club.
You die...

#####....# #...#....#
..# #.......)###'##
#....#........#
#.∩..#........
#..###...##([#
#..###...##..#######+##
#........##..##........
#............@........a
#.............g........
#<.....................
#..##....##..##..###.##
################## #


You could see a goblin.

Vanquished Creatures
  A giant gecko (D:1)
  2 goblins
  2 hobgoblins
  2 kobolds
  A quokka (D:3)
  A ball python (D:3)
  2 bats
  2 giant newts (D:2)
  A rat (D:2)
14 creatures vanquished.

Notes
Turn   | Place    | Note
--------------------------------------------------------------
     0 | D:1      | 4thArraOfDagon the Felid Transmuter began the quest for the Orb.
     0 | D:1      | Reached XP level 1. HP: 9/9 MP: 4/4
    38 | D:1      | You fall through a shaft!
   152 | D:2      | Found a stormy altar of Qazlal.
   192 | D:2      | Reached XP level 2. HP: 8/12 MP: 4/6
   209 | D:2      | Noticed Natasha
   257 | D:3      | Found a white marble altar of Elyvilon.
   427 | D:4      | Found Ynyedu's Weapon Shop.
   460 | D:4      | Slain by a goblin

Action                   || total
-------------------------++-------
Melee: Unarmed           ||    42
 Cast: Beastly Appendage ||     4
  Use: Scroll            ||     2
 Stab: Sleeping          ||     2
       Distracted        ||     1
  Eat: Chunk             ||     4
